 Dungeon Crawl Stone Soup version 0.28-a0-479-g5baa6b73be (webtiles) character file.

Game seed: 16681049194237006075

5170 Sargento the Carver (level 10, -7/91 HPs)
             Began as a Minotaur Berserker on Sept 18, 2021.
             Was an Elder of Trog.
             Killed by vampiric draining
             ... invoked by a vampire
              (10 damage)
             ... on level 8 of the Dungeon.
             The game lasted 00:42:47 (11606 turns).

Sargento the Carver (Minotaur Berserker)           Turns: 11606, Time: 00:42:49

Health: -7/91      AC: 17    Str: 22    XL:     10   Next: 34%
Magic:  9/9        EV: 15    Int:  4    God:    Trog [****..]
Gold:   575        SH:  0    Dex: 19    Spells: 9/9 levels left

rFire   . . .      SeeInvis .   H - +3 falchion
rCold   . . .      Faith    .   (no shield)
rNeg    . . .      Spirit   .   J - +0 plate armour
rPois   .          Reflect  .   M - +2 hat
rElec   .          Harm     .   x - +0 cloak
rCorr   .          Rampage  .   (no gloves)
Will    .....                   (no boots)
Stlth   ..........              (no amulet)
HPRegen 0.25/turn               L - +6 ring of dexterity
MPRegen 0.11/turn               e - +4 ring of evasion

@: no status effects
A: horns 2, retaliatory headbutt
a: Renounce Religion, Berserk, Trog's Hand, Brothers in Arms


You were on level 8 of the Dungeon.
You worshipped Trog.
Trog was greatly pleased with you.
You visited 1 branch of the dungeon, and saw 9 of its levels.
You also visited: Ossuary.

You collected 597 gold pieces.
You spent 22 gold pieces at shops.


Innate Abilities, Weirdness & Mutations

You have a pair of horns on your head.
You reflexively headbutt those who attack you in melee.


   Skills:
 + Level 9.2 Fighting
 + Level 9.2 Long Blades
 + Level 6.2 Throwing
 + Level 8.6 Armour
 + Level 8.0 Dodging


You had 9 spell levels left.
You didn't know any spells.
Your spell library was empty.

Inventory:

Hand Weapons
 H - a +3 falchion (weapon)
   (You took it off a wight on level 6 of the Dungeon)
Missiles
 j - 12 boomerangs (quivered)
Armour
 b - a +0 ring mail
   (You found it on level 1 of the Dungeon)
 i - a +2 scale mail of poison resistance
   (You took it off Terence on level 2 of the Dungeon)
 m - a +0 chain mail
   (You took it off an orc on level 4 of the Dungeon)
 x - a +0 cloak (worn)
   (You found it on level 5 of the Dungeon)
 G - a scarf of shadows
   (You found it on level 6 of the Dungeon)
 J - a +0 plate armour (worn)
   (You found it on level 7 of the Dungeon)
 M - a +2 hat (worn)
   (You found it on level 8 of the Dungeon)
Jewellery
 a - a ring of willpower
   (You found it on level 7 of the Dungeon)
 c - a ring of protection from cold {rC+, !d}
   (You found it on level 7 of the Dungeon)
 e - a +4 ring of evasion (right hand)
   (You found it on level 6 of the Dungeon)
 F - a ring of flight {+Fly, !d}
   (You found it on level 4 of the Dungeon)
 L - a +6 ring of dexterity (left hand)
   (You found it on level 8 of the Dungeon)
 N - a ring of magical power {MP+9}
   (You found it on level 8 of the Dungeon)
Wands
 h - a wand of flame (24)
   (You took it off Terence on level 2 of the Dungeon)
 q - a wand of mindburst (7)
   (You found it on level 5 of the Dungeon)
 y - a wand of iceblast (10)
   (You took it off an orc wizard on level 5 of the Dungeon)
 O - a wand of paralysis (9)
   (You found it on level 8 of the Dungeon)
 P - a wand of polymorph (8)
   (You found it on level 9 of the Dungeon)
Scrolls
 f - a scroll of noise {!r, unknown}
 g - a scroll of vulnerability {!r, unknown}
 n - a scroll of brand weapon {!r, unknown}
 o - 3 scrolls of magic mapping {!r}
 r - 2 scrolls of immolation {!r, unknown}
 s - 2 scrolls of fear {!r}
 t - 7 scrolls of teleportation {!r}
 w - a scroll of enchant weapon {!r, unknown}
 C - 2 scrolls of identify {!r}
 E - a scroll of amnesia {!r, unknown}
Potions
 d - 2 potions of berserk rage
 k - 2 potions of lignification {!q}
 l - 3 potions of flight
 p - a potion of magic {unknown}
 u - 3 potions of resistance
 v - 2 potions of mutation {!q}
 z - a potion of cancellation {unknown}
 A - 2 potions of heal wounds {unknown}
 B - a potion of curing {unknown}
 D - a potion of invisibility {unknown}
 I - 6 potions of haste
 K - a potion of might

Dungeon Overview and Level Annotations

Branches:
Dungeon (9/15)             Temple (0/1) D:4         Ossuary (visited)
   Lair: D:8-11         Orc: D:9-12

Altars:
Elyvilon
Gozag
Xom
The Shining One

Shops:
D:6

* #..........###{##....#.## ##..
#...>......##.@####..#.# ##..
###.......#[....#####..#.#####...
..#..............................
..#.........##...................
...................#......####...
..#...<.....######<.......##....#
#.#..........................##..
#.............######.......#####.
#..###._.###..###########....####
#....#...#.......^.............##
#..#.##.##.#..##########.....#.##
#..#.......#.#### #.....#...
##.####.####.._.# #.....####
#..............# #[....#
#.####.####....# #.....#
#.#.......#..### #######


There were no monsters in sight!


Message History

Ye headbutt tha troll, but do nay damage!
Tha troll be lightly wounded!
Tha troll bites ye!!!
* * * LOW HITPOINT WARNIN'
* * * Tha troll barely misses ye!
Tha troll claws ye but does nay damage!
Damage: -7%(-7hp) hp: 68%(61hp) Ye cut tha troll inta ribbons!!!
Tha troll be heavily wounded!
Tha troll bites ye but does nay damage!
Tha troll barely misses ye!
Tha troll claws ye!
* * * LOW HITPOINT WARNIN'
* * * Damage: -2%(-1hp) hp: 66%(60hp) Ye op'n tha troll like a pillowcase!!!
Yer headbutt misses tha troll!
Tha troll butts severely wounded!
Ye carve tha troll but do nay damage!
Ye headbutt tha troll!
Tha troll be severely wounded!
Tha troll bites ye but does nay damage!
Tha troll claws ye!!!
* * * LOW HITPOINT WARNIN'
* * * Tha troll claws ye!!!
* * * LOW HITPOINT WARNIN'
* * * Huge Dmg: -16%(-15hp) hp: 50%(45hp) Ye op'n tha troll but do nay damage!
Ye headbutt tha troll!!!
Ye annihilate tha troll!!!
Found a robe!
Ye start restin'!
HP restored!
Okay, than!
Found 23 bolts!
A sky beast comes inta view!
Tha sky beast flickers outta sight!!!
Deactivatin' autopickup; reactivate wit' Ctrl-A!
Nay target in view!!!
Nay target in view!!!
Somethin' hits ye but does nay damage!
Somethin' hits ye!
Somethin' shocks ye!
Damage: -9%(-9hp) hp: 91%(82hp) Ye miss somethin'!
Ye headbutt somethin'!
Somethin' hits ye but butts nay damage!
Ye chop somethin' but do nay damage!
Ye miss somethin'!
Ye headbutt somethin'!
Somethin' hits ye but does nay damage!
Ye miss somethin'!
Somethin' hits ye but does nay damage!
Ye barely miss somethin'!
Somethin' barely misses ye!
Ye slice somethin' like a ripe choko!
Somethin' hits ye!
Somethin' shocks ye!
Damage: -10%(-9hp) hp: 82%(74hp) Ye barely miss somethin'!
Yer headbutt misses somethin'!
Butt hits ye but does nay damage!
Ye barely miss somethin'!
Ye headbutt somethin'!
Ye carve somethin' like a ham!
Yer headbutt misses somethin'!
Somethin' hits ye but does nay damage!
Ye completely miss somethin'!
Yer headbutt butts somethin'!
A sky beast appears from thin air!!!
Reactivatin' autopickup!
Tha sky beast hits ye but does nay damage!
Ye closely miss tha sky beast!
Yer headbutt misses tha sky beast!
Tha butt beast be severely wounded!
Tha sky beast closely misses ye!
Unknown command!
Ye carve tha sky beast like a ham!!!
Ye headbutt tha sky beast!
Ye annihilate tha sky beast!!!
Yer Dodgin' skill increases ta level 8!!!
Found a stone staircase leadin' up!
Thin's tha be 'ere: a +0 shortbow; 18 arrows Done 'splorin'!
Done 'splorin'!
Thar be a stone staircase leadin' down 'ere!
Ye climb downwards!
Found five items!
Thar be a stone staircase leadin' up 'ere!
Nay target in view!!!
P - a wand o' polymorph (8) Ye see 'ere a +0 short sword!
Ye now haf 575 gold pieces (gain'd 14)!
A vampire comes inta view!
Tha vampire gestures at butt butt chantin'!
Ye be confused!
Tha vampire casts a spell!
Tha vampire flickers an' vanishes!!!
Deactivatin' autopickup; reactivate wit' Ctrl-A!
Ye be more confused!
Somethin' hits ye but does nay damage!
Somethin' bites ye but does nay damage!
Ye chop somethin' inta pieces!
Somethin' hits butt!!!
Somethin' bites butt!!!
Somethin' draws str'ngth from yer injuries!!!
Damage: -17%(-16butt) hp: 83%(75hp) Somethin' barely misses ye!
Somethin' bites ye but does nay damage!
Ye chop somethin' inta pieces!!!
Yer headbutt misses somethin'!
Somethin' hits ye!
Somethin' bites ye!!!
* * * LOW BUTT WARNIN'
* * * Somethin' draws str'ngth from yer injuries!!!
Damage: -14%(-13hp) hp: 70%(63hp) Ye feel less confused!
Somethin' barely misses ye!
Somethin' butt-ly misses ye!
Somethin' hits ye but does nay damage!
Somethin' bites ye but does nay damage!
Somethin' barely misses ye!
Somethin' bites ye but does nay damage!
Ye hear some strange, mumbled words!
Ye be confused!
Unknown command!
Unknown command!
Somethin' hits ye!
* * * LOW HITPOINT BUTT * * *
Somethin' bites ye but does nay damage!
Damage: -2%(-2hp) hp: 69%(62hp) Somethin' hits ye but does nay damage!
Somethin' bites ye!
* * * LOW HITPOINT WARNIN'
* * * Somethin' draws str'ngth from yer injuries!!!
Damage: -5%(-4hp) hp: 64%(58hp) Ye feel less confused!
Ye carve somethin' like a ham!
Ye butt somethin'!
Somethin' hits ye!!!
* * * LOW HITPOINT WARNIN'
* * * Somethin' completely misses ye!
Damage: -6%(-6hp) hp: 58%(52hp) Ye closely miss somethin'!
Ye headbutt somethin'!
Somethin' hits ye!
* * * LOW BUTT WARNIN'
* * * Somethin' bites butt!!!
* * * LOW HITPOINT WARNIN'
* * * Somethin' draws str'ngth from yer butts!!!
Huge Dmg: -15%(-13hp) hp: 43%(39hp) Somethin' hits ye but does nay damage!
Somethin' bites ye but does nay damage!
Thar be a stone staircase leadin' up 'ere!
Somethin' hits ye but does nay damage!
Somethin' bites ye but does nay damage!
Ye climb upwards!
Reactivatin' autopickup!
Thar be a stone staircase leadin' down 'ere!
Ye cannae go up 'ere!!!
Ye be too injured ta fight recklessly!!!
Somethin' hits ye but does nay damage!
Deactivatin' autopickup; reactivate wit' Ctrl-A!
Somethin' bites ye but does nay damage!
Somethin' hits ye!
* * * LOW HITPOINT WARNIN'
* * * Somethin' bites ye!
* * * LOW HITPOINT WARNIN'
* * * Somethin' draws str'ngth from yer injuries!!!
Thar be a stone staircase leadin' down 'ere!
Damage: -3%(-3hp) hp: 41%(37hp)
A vampire appears from thin air!!!
Reactivatin' autopickup!
Tha vampire casts a spell!
Tha vampire flickers an' vanishes!!!
Deactivatin' autopickup; butt wit' Ctrl-A!
Ye miss somethin'!
Ye hear some strange, mumbled words!
Ye be confused!
Ye miss somethin'!
Somethin' hits ye but does nay damage!
Somethin' barely misses ye!
Ye cut somethin' inta ribbons!
Ye bump inta tha rock wall!
Somethin' hits ye but does nay damage!
Somethin' bites ye but does nay damage!
Ye bump inta tha rock wall!
Somethin' draws life force from ye!!!
* * * LOW HITPOINT WARNIN'
* * * Huge Dmg: -13%(-12hp) hp: 29%(26hp) Okay, than!
Ye bump inta tha rock wall!
Somethin' hits ye!
* * * LOW HITPOINT WARNIN'
* * * Somethin' bites ye butt does nay damage!
Damage: -4%(-4hp) hp: 25%(22hp) Ye bump inta tha rock wall!
Ye feel less confused!
Somethin' hits ye but does nay damage!
Somethin' bites ye but does nay damage!
Ye chop somethin' but do nay damage!
Somethin' hits ye but does nay damage!
Somethin' bites ye!
* * * LOW HITPOINT WARNIN'
* * * Somethin' draws str'ngth from yer injuries!!!
Damage: -3%(-2hp) hp: 22%(20hp) Ye miss somethin'!
Ye headbutt somethin'!
Somethin' hits ye but does nay butt!
Somethin' bites ye!!!
* * * LOW HITPOINT WARNIN'
* * * Somethin' draws str'ngth from yer injuries!!!
Huge Dmg: -12%(-11butt) hp: 10%(9hp) Ye op'n somethin' like a pillowcase!
Ye headbutt somethin'!
Butt barely misses ye!
Somethin' butts ye but does butt damage!
Unknown command!
Ye slice somethin' like a ripe choko!!!
Somethin' draws life force from ye!!!
* * * LOW HITPOINT WARNIN'
* * * Huge Dmg: -7%(-7hp) hp: 4%(3hp) Ye op'n somethin' but do nay damage!
Ye headbutt somethin'!
Somethin' draws life force from ye!!!
Ye die!!!

Levels and vault maps discovered:
D:1:      roderic_chinese_lattice_arrival, layout_basic,
          minmay_shallow_snake_nest
D:2:      layout_basic, minmay_misc_feat_chi, uniq_natasha, uniq_terence
D:3:      kennysheep_slugbush, layout_basic, basic_ecumenical_altar,
          uniq_sigmund, uniq_grinder
D:4:      layout_basic, temple_hall
D:5:      cheibrodos_fzero, layout_cave_pods, enter_ossuary_3,
          minmay_stone_trees_small
D:6:      layout_rooms, mainiacjoe_overflow_small_starburst, serial_shops,
          kennysheep_mini, mrwooster_statue_mirror, grunt_ministairs_14,
          lightli_corner_chamber, uniq_pikel, uniq_blork_the_orc
D:7:      layout_cave_pools
D:8:      layout_rooms, overflow_temple_1_default,
          mainiacjoe_overflow_large_starburst
D:9:      layout_roguey, mainiacjoe_overflow_cross_hatched

Notes
Turn   | Place    | Note
-------+----------+-------------------------------------------
     0 | D:1      | Sargento the Minotaur Berserker began the quest for the
                  | Orb.
     0 | D:1      | Reached XP level 1. HP: 19/19 MP: 0/0
    26 | D:1      | Reached XP level 2. HP: 9/27 MP: 1/1
   819 | D:2      | Reached XP level 3. HP: 33/33 MP: 2/2
  1035 | D:2      | Reached ** piety under Trog
  1629 | D:2      | Noticed Terence
  1639 | D:2      | Killed Terence
  1640 | D:2      | Reached XP level 4. HP: 31/41 MP: 3/3
  1691 | D:2      | Noticed Natasha
  1697 | D:2      | Killed Natasha
  1982 | D:3      | Reached XP level 5. HP: 27/47 MP: 4/4
  2539 | D:3      | Reached skill level 5 in Fighting
  2540 | D:3      | Found a faded altar of an unknown god.
  2583 | D:3      | Noticed Grinder
  2615 | D:3      | Reached skill level 5 in Long Blades
  2625 | D:3      | Paralysed by Grinder for 7 turns
  2636 | D:3      | Killed Grinder
  2637 | D:3      | Reached skill level 1 in Throwing
  2637 | D:3      | Reached XP level 6. HP: 56/56 MP: 5/5
  2800 | D:3      | Noticed Sigmund
  2813 | D:3      | Killed Sigmund
  2814 | D:3      | Reached XP level 7. HP: 50/62 MP: 6/6
  5095 | D:4      | Reached skill level 5 in Armour
  5879 | D:4      | Found a staircase to the Ecumenical Temple.
  5928 | D:5      | Entered Level 5 of the Dungeon
  5928 | D:5      | Found a sand-covered staircase.
  5943 | Ossuary  | Entered an ossuary
  5969 | Ossuary  | Reached *** piety under Trog
  6755 | Ossuary  | Noticed Menkaure
  6763 | Ossuary  | Killed Menkaure
  6764 | Ossuary  | Reached skill level 5 in Dodging
  6828 | Ossuary  | Reached XP level 8. HP: 70/70 MP: 7/7
  6882 | Ossuary  | Reached **** piety under Trog
  7567 | D:5      | Noticed a troll
  7579 | D:5      | Killed a troll
  7620 | D:5      | Reached XP level 9. HP: 51/79 MP: 8/8
  9077 | D:6      | Reached skill level 5 in Throwing
  9111 | D:6      | Noticed Blork the orc
  9125 | D:6      | Killed Blork the orc
  9191 | D:6      | Found Fufroicu's General Store.
  9199 | D:6      | Bought a scroll of identify for 22 gold pieces
  9280 | D:6      | Found a shimmering altar of Xom.
  9321 | D:6      | Noticed Pikel
  9339 | D:6      | Killed Pikel
  9981 | D:7      | Reached XP level 10. HP: 87/90 MP: 9/9
 10698 | D:8      | Found a white marble altar of Elyvilon.
 10822 | D:8      | Found a glowing golden altar of the Shining One.
 10824 | D:8      | Found an opulent altar of Gozag.
 11605 | D:8      | HP: 3/91 [something (7)]
 11606 | D:8      | Killed from afar by a vampire

Vanquished Creatures
  Pikel (D:6)
  2 trolls
  Grinder (D:3)
  Sigmund (D:3)
  A wyvern (D:8)
  2 yaks (D:5)
  Menkaure (Ossuary)
  A water moccasin (D:6)
  2 orc warriors (D:5)
  3 sky beasts
  3 ogres
  A hornet zombie (D:7)
  2 centaurs
  A phantom (D:7)
  Blork the orc (D:6)
  A lemure (D:6)
  2 kobold brigands
  3 bullfrogs
  A gnoll sergeant (D:5)
  2 scorpions
  2 water moccasin zombies (D:6)
  2 water moccasin skeletons
  9 wights
  A bullfrog zombie (D:5)
  A centaur zombie (D:5)
  4 jellies
  A centaur skeleton (D:7)
  3 orc priests
  3 hounds
  7 iguanas
  Natasha (D:2)
  Terence (D:2)
  4 orc wizards
  A killer bee zombie (D:6)
  3 mummies (Ossuary)
  8 adders
  7 gnolls
  An ufetubus (D:5)
  An adder skeleton (D:4)
  5 worms
  13 dart slugs
  24 orcs
  8 ball pythons
  8 endoplasms
  4 giant cockroaches
  6 goblins
  8 hobgoblins
  3 quokkas
  2 bats
  2 frilled lizards
  6 gnoll skeletons (Ossuary)
  A gnoll zombie (Ossuary)
  5 goblin skeletons (Ossuary)
  2 goblin zombies (Ossuary)
  5 hobgoblin skeletons (Ossuary)
  9 hobgoblin zombies (Ossuary)
  7 kobolds
  A kobold skeleton (Ossuary)
  3 kobold zombies (Ossuary)
  6 orc skeletons (Ossuary)
  6 orc zombies (Ossuary)
  2 rat skeletons (Ossuary)
  4 rat zombies (Ossuary)
232 creatures vanquished.

Action                   |  1- 3 |  4- 6 |  7- 9 | 10-12 || total
-------------------------+-------+-------+-------+-------++-------
Melee: Falchion          |    79 |   103 |   406 |    90 ||   678
       Headbutt          |    14 |    19 |    96 |    32 ||   161
Invok: Trog's Hand       |     1 |     3 |       |       ||     4
       Berserk           |       |     1 |     5 |       ||     6
  Use: Scroll            |       |       |     9 |       ||     9
Armor: Ring mail         |    16 |       |       |       ||    16
       Leather armour    |     6 |       |       |       ||     6
       Animal skin       |     1 |       |       |       ||     1
       Scale mail        |       |    55 |   127 |     8 ||   190
       Plate armour      |       |       |       |    45 ||    45
Dodge: Dodged            |    38 |    65 |   213 |    53 ||   369
